 Dungeon Crawl Stone Soup version 0.31-a0-1154-gadca813 (webtiles) character file.

Game seed: 14547756089928497309

5552 vegetabs the Fighter (level 10, -1/97 HPs)
             Began as a Minotaur Berserker on Dec 7, 2023.
             Was a High Priest of Trog.
             Succumbed to Squiddy's ghost's poison
             ... on level 8 of the Dungeon.
             The game lasted 00:19:56 (6667 turns).

vegetabs the Fighter (Minotaur Berserker)           Turns: 6667, Time: 00:19:57

Health: -1/97      AC: 14    Str: 33    XL:     10   Next: 44%
Magic:  9/9        EV: 10    Int:  4    God:    Trog [*****.]
Gold:   629        SH:  6    Dex:  8    Spells: 9/9 levels left

rFire   + . .        l - +0 war axe
rCold   . . .        j - +0 kite shield
rNeg    . . .        L - +0 scale mail "Moocw" {rCorr Str+7 Dex-2}
rPois   .            (helmet restricted)
rElec   .            n - +0 cloak
rCorr   +            (no gloves)
SInv    .            (no boots)
Will    .....        F - amulet of regeneration Stlth
                     h - +4 ring of protection
HPRegen 1.16/turn    q - ring of protection from fire
MPRegen 0.11/turn

%: no passive effects
@: lethally poisoned (-1 -> -49), on berserk cooldown, slowed, very slow
A: horns 2, retaliatory headbutt
a: Renounce Religion, Berserk, Trog's Hand, Brothers in Arms


You were on level 8 of the Dungeon.
You worshipped Trog.
Trog was extremely pleased with you.
You visited 1 branch of the dungeon, and saw 8 of its levels.

You collected 629 gold pieces.

Inventory:

Hand Weapons
 a - a +0 hand axe
 l - a +0 war axe (weapon)
 x - a +2 quarterstaff of chaos
 z - a +1 hammer of draining
 E - a +0 orcbow
Missiles
 r - 12 poisoned darts
 D - 2 datura-tipped darts
Armour
 b - a +0 animal skin
 g - a +0 leather armour
 i - a +0 plate armour
 j - a +0 kite shield (worn)
 n - a +0 cloak (worn)
 y - a +0 cloak
 L - the +0 scale mail "Moocw" (worn) {rCorr Str+7 Dex-2}
   (You found it on level 7 of the Dungeon)

   Str+7:     It affects your strength (+7).
   Dex-2:     It affects your dexterity (-2).
   rCorr:     It protects you from acid and corrosion.
Jewellery
 h - a +4 ring of protection (left hand)
 q - a ring of protection from fire (right hand)
 u - a ring of positive energy
 F - an amulet of regeneration (around neck)
Talismans
 H - a serpent talisman
Wands
 k - a wand of digging (4)
 C - a wand of paralysis (6) (quivered)
 I - a wand of flame (17)
Scrolls
 c - a scroll of vulnerability {unknown}
 d - 2 scrolls of fear {unknown}
 e - 2 scrolls of revelation
 o - 2 scrolls of blinking
 s - 4 scrolls of teleportation
 t - a scroll of amnesia
 v - a scroll of summoning {unknown}
 A - 2 scrolls of fog
 G - a scroll of immolation {unknown}
Potions
 f - 2 potions of heal wounds
 m - 2 potions of mutation
 p - 5 potions of lignification
 w - 3 potions of haste
 B - a potion of invisibility {unknown}
 J - 2 potions of enlightenment {unknown}
 K - 4 potions of curing {unknown}
 M - 2 potions of attraction {unknown}
 N - a potion of magic {unknown}


   Skills:
 * Level 11.8 Fighting
 * Level 11.7 Axes
 * Level 10.1 Armour
 - Level 2.3 Dodging
 - Level 0.1 Stealth


You had 9 spell levels left.
You didn't know any spells.
Your spell library was empty.

Dungeon Overview and Level Annotations

Branches:
Dungeon (8/15)             Temple (0/1) D:7
   Lair: D:8-11

Altars:
Cheibriados
Fedhas
Gozag
Makhleb
Qazlal
Sif Muna

Shops:
D:2 [

Annotations:
D:8 Squiddy's ghost, novice MfGl


Innate Abilities, Weirdness & Mutations

You have a pair of horns on your head.
You reflexively headbutt those who attack you in melee.


Message History

You are more poisoned.
You slice Squiddy's ghost!! You headbutt Squiddy's ghost.
Squiddy's ghost is severely damaged.
You feel extremely sick. You block Squiddy's ghost's attack.
You barely miss Squiddy's ghost. Your headbutt misses Squiddy's ghost.
Squiddy's ghost is severely damaged.
You feel very sick.
Squiddy's ghost hits you but does no damage.
You are more poisoned.
You barely miss Squiddy's ghost. Your headbutt misses Squiddy's ghost.
Squiddy's ghost is severely damaged.
You are no longer berserk.
You are exhausted.
You feel yourself slow down.
You feel very sick.
You hit Squiddy's ghost. Your headbutt misses Squiddy's ghost.
Squiddy's ghost is severely damaged.
You feel extremely sick. You block Squiddy's ghost's attack.
Squiddy's ghost hits you!!
You are more poisoned.
You feel much better.
You feel extremely sick.
Squiddy's ghost screams, "What do you have that I didn't have?"
Squiddy's ghost hits you!
You are more poisoned.
You miss Squiddy's ghost.
Squiddy's ghost is severely damaged.
You feel extremely sick. Squiddy's ghost hits you.
You are more poisoned.
Squiddy's ghost hits you!!
* * * LOW HITPOINT WARNING * * *
You are more poisoned.
Okay, then.
Blink to where?
Press: ? - help, Dir - move target
Found a flail.
As you read the scroll of blinking, it crumbles to dust.
You die...

....)##.#
...#.##.#
.#.#.##.# #
........####..##
.#.............#
..##..#.####...#
.###..#.# #...#
.###..#.#
#...####)####
........#
#....@.......
..(...###
#.#.####.####
.....)######......
........ZW§.......
........######.###
.....##.#
#'''###.#
......#.#
.....##.#


There were no monsters in sight!

Vanquished Creatures
  Jeremiah (D:7)
  Prince Ribbit (D:6)
  A shadow (D:5)
  Sigmund (D:6)
  3 yaks (D:7)
  Eustachio (D:6)
  A wraith (D:7)
  Menkaure (D:6)
  2 steam dragons
  3 water moccasins (D:7)
  An orc warrior (D:8)
  4 black bears
  2 ice beasts
  2 centaurs
  An ogre (D:5)
  9 phantoms
  A kobold brigand (D:8)
  A bullfrog (D:6)
  6 scorpions
  4 wights (D:7)
  2 centaur zombies (D:7)
  A hound (D:6)
  Crazy Yiuf (D:3)
  2 orc priests (D:7)
  2 centaur skeletons (D:8)
  6 scorpion zombies (D:7)
  6 sleepcaps (D:7)
  4 iguanas
  7 orc wizards
  4 killer bee zombies (D:7)
  A centaur simulacrum (D:8)
  A mummy (D:3)
  3 gnolls (D:6)
  7 adders
  6 shadow imps (D:7)
  A worm (D:3)
  3 dart slugs
  24 orcs
  8 endoplasms
  5 giant cockroaches
  8 goblins
  4 hobgoblins
  9 jackals
  4 quokkas
  9 ball pythons
  6 bats
  6 frilled lizards
  11 kobolds
  7 rats
204 creatures vanquished.

Notes
Turn   | Place    | Note
-------+----------+-------------------------------------------
     0 | D:1      | vegetabs the Minotaur Berserker began the quest for the
                  | Orb.
     0 | D:1      | Reached XP level 1. HP: 19/19 MP: 0/0
   269 | D:1      | Reached XP level 2. HP: 19/27 MP: 1/1
   653 | D:1      | Reached XP level 3. HP: 34/34 MP: 2/2
   789 | D:1      | Found a faded altar of an unknown god.
  1028 | D:2      | Found Liasik's Armour Shop.
  1036 | D:2      | Reached ** piety under Trog
  1234 | D:2      | Reached XP level 4. HP: 41/41 MP: 3/3
  1674 | D:3      | Found an opulent altar of Gozag.
  1842 | D:3      | Reached skill level 5 in Fighting
  1976 | D:3      | Found a runed translucent door.
  1977 | D:3      | Noticed Crazy Yiuf
  1990 | D:3      | Killed Crazy Yiuf
  1991 | D:3      | Reached skill level 5 in Axes
  2263 | D:3      | Reached XP level 5. HP: 48/48 MP: 4/4
  2413 | D:3      | Reached *** piety under Trog
  2621 | D:3      | Found a snail-covered altar of Cheibriados.
  2750 | D:4      | Noticed a black bear
  2760 | D:4      | Killed a black bear
  2761 | D:4      | Reached XP level 6. HP: 39/57 MP: 5/5
  3216 | D:5      | Entered Level 5 of the Dungeon
  3328 | D:5      | Reached XP level 7. HP: 64/64 MP: 6/6
  3564 | D:5      | Noticed a shadow
  3591 | D:5      | Killed a shadow
  3592 | D:5      | Reached skill level 5 in Armour
  3742 | D:5      | Found a shimmering blue altar of Sif Muna.
  3764 | D:5      | Reached XP level 8. HP: 63/74 MP: 7/7
  3984 | D:6      | Noticed Prince Ribbit
  3991 | D:6      | Killed Prince Ribbit
  3999 | D:6      | Noticed Eustachio
  4015 | D:6      | Killed Eustachio
  4182 | D:6      | Noticed Menkaure
  4192 | D:6      | Killed Menkaure
  4199 | D:6      | Noticed Sigmund
  4215 | D:6      | Killed Sigmund
  4256 | D:6      | Found a stormy altar of Qazlal.
  4538 | D:6      | Reached XP level 9. HP: 84/84 MP: 8/8
  4654 | D:6      | Reached **** piety under Trog
  4991 | D:7      | Found a staircase to the Ecumenical Temple.
  5007 | D:7      | Reached skill level 10 in Fighting
  5009 | D:7      | Reached skill level 10 in Axes
  5485 | D:7      | Found a burning altar of Makhleb.
  5536 | D:7      | Identified the +5 scale mail of the Hungering Gods {-Tele
                  | Rampage Stlth+}
  5868 | D:7      | Reached XP level 10. HP: 95/95 MP: 9/9
  6055 | D:7      | Noticed Jeremiah
  6081 | D:7      | Killed Jeremiah
  6198 | D:7      | Reached skill level 10 in Armour
  6210 | D:7      | Identified the +0 scale mail "Moocw" {rCorr Str+7 Dex-2}
  6350 | D:7      | Found a blossoming altar of Fedhas.
  6467 | D:8      | Reached ***** piety under Trog
  6511 | D:8      | Found a runed translucent gate.
  6511 | D:8      | Found a runed translucent gate.
  6511 | D:8      | Found a runed translucent gate.
  6526 | D:8      | Noticed Squiddy's ghost (novice MfGl)
  6667 | D:8      | Succumbed to Squiddy's ghost's poison

Illustrated notes

Levels and vault maps discovered:
D:1:      eino_arrival_druids_welcome, layout_loops_ring,
          shapermc_ecumenical_altar_pompeii
D:2:      layout_basic, serial_shops, shop, minmay_tetromino_i2
D:3:      wander_river, layout_loops_ring, slow_altar_2,
          grunt_gozag_breadcrumbs, grunt_ministairs_5, uniq_crazy_yiuf_cottage
D:4:      layout_rooms
D:5:      layout_cave_pools, old_standard_altar
D:6:      layout_loops_corners, mainiacjoe_overflow_chevrons,
          dk_rats_in_the_wall, uniq_eustachio, uniq_menkaure,
          uniq_prince_ribbit1, uniq_sigmund
D:7:      bobbens_index_wilting_gardens, layout_loops_ring,
          lemuel_coloured_pillars_altar, general_overflow_altar,
          hangedman_decor_slide_cut, uniq_jeremiah
D:8:      layout_loops_ring, gammafunk_ghost_necromancy, uniq_amaemon

Skill      XL: |  1  2  3  4  5  6  7  8  9 10 |
---------------+-------------------------------+-----
Fighting       | 4 5 6 7 9 11 | 11.8
Axes           | 4 5 6 7 9 11 | 11.7
Armour         | 3 4 5 7 9 10 | 10.1
Dodging        | |  2.3
Stealth        | |  0.1

Action                     |  1- 3 |  4- 6 |  7- 9 | 10-12 || total
---------------------------+-------+-------+-------+-------++-------
  Melee: Hand axe          |    52 |       |       |       ||    52
         Headbutt          |     7 |    20 |    54 |    33 ||   114
         War axe           |    26 |   154 |   254 |   176 ||   610
 Invoke: Berserk           |       |     2 |     2 |     2 ||     6
  Evoke: Wand              |       |       |     1 |       ||     1
    Use: Scroll            |       |     3 |     6 |     1 ||    10
         Potion            |       |       |       |     1 ||     1
   Stab: Paralysed         |       |       |     1 |       ||     1
 Armour: Animal skin       |     7 |       |       |       ||     7
         Plate armour      |    33 |   120 |   201 |    86 ||   440
         Leather armour    |     4 |       |       |       ||     4
         Scale mail        |       |       |       |    41 ||    41
  Dodge: Dodged            |    39 |    33 |    45 |    63 ||   180
  Block: Kite shield       |    12 |    63 |    65 |    42 ||   182

Table legend: (Time is in decaauts)
 A = Elapsed time spent in this place.
 B = Non-inter-level travel time spent in this place.
 C = Inter-level travel time spent in this place.
 D = Time resting spent in this place.
 E = Time spent auto-exploring this place.
 F = Levels seen in this place.
 G = Mean time per level.
                   A        B        C        D        E       F      G
               +--------+--------+--------+--------+--------+-----+--------+
         Total |   6864 |   6583 |    281 |    819 |   3954 |   8 |  858.0 |
       Dungeon |   6864 |   6583 |    281 |    819 |   3954 |   8 |  858.0 |
               +--------+--------+--------+--------+--------+-----+--------+

Top non-repeatable levels by time:
     D:7: 1566 daAuts
     D:3: 1155 daAuts
     D:1: 981 daAuts
     D:6: 973 daAuts
     D:5: 788 daAuts
     D:2: 704 daAuts
     D:4: 481 daAuts
     D:8: 212 daAuts
